 Dungeon Crawl Stone Soup version 0.18.1-8-gdd0e5ea (webtiles) character file.

115 Implojin the Insei (level 4, -1/35 HPs)
             Began as a Mummy Monk on May 22, 2016.
             Slain by a slave (2 damage)
             ... led by Pikel
             ... on level 3 of the Dungeon.
             The game lasted 00:07:48 (5471 turns).

Implojin the Insei (Mummy Monk)                     Turns: 5471, Time: 00:07:48

Health: -1/35      AC:  0    Str: 14    XL:     4   Next: 68%
Magic:  4/4        EV: 13    Int:  9    God:
Gold:   240        SH:  0    Dex: 15    Spells: 0 memorised, 3 levels left

rFire  x . .     SeeInvis .       - Unarmed
rCold  + . .     Gourm    .     (no armour)
rNeg   + + +     Faith    .     (no shield)
rPois  ∞         Spirit   .     (no helmet)
rElec  .         Dismiss  .     (no cloak)
rCorr  .         Reflect  .     (no gloves)
SustAt .         Harm     .     (no boots)
MR     .....                    (no amulet)
Stlth  +.........               (no ring)
                                (no ring)

@: confused, not resistant to hostile enchantments, very unstealthy
A: no food or potions, fire vulnerability, cold resistance 1, negative energy
resistance 3, torment resistance, unbreathing
a: no special abilities


You were on level 3 of the Dungeon.
You were not hungry.

You visited 1 branch of the dungeon, and saw 4 of its levels.

You collected 240 gold pieces.

Inventory:

Scrolls
 a - a scroll of recharging {unknown}
 c - a scroll of enchant weapon {unknown}
 d - a scroll of remove curse {unknown}
 f - a scroll of immolation {unknown}
 g - a scroll of fog {unknown}
 h - a scroll of identify {unknown}
Comestibles
 b - 5 bread rations


   Skills:
 - Level 3.0 Fighting
 - Level 2.4 Dodging
 - Level 1.5 Stealth
 * Level 5.0 Unarmed Combat


You had 3 spell levels left.
You didn't know any spells.

Dungeon Overview and Level Annotations

Branches:
Dungeon (4/15)
 Temple: D:4-7

Altars:
Pakellas

Annotations:
D:4 Pikel, Sigmund


Innate Abilities, Weirdness & Mutations

You do not eat or drink.
Your flesh is vulnerable to fire.
You are immune to poison.
Your flesh is cold resistant.
You are immune to negative energy.
You are immune to unholy pain and torment.
You can survive without breathing.


Message History

The worker ant is moderately wounded.
The worker ant waves its antennae.
The worker ant closely misses you.
You barely miss the worker ant.
The worker ant is moderately wounded.
The worker ant bites you.
* * * LOW HITPOINT WARNING * * *
The worker ant bites you!
* * * LOW HITPOINT WARNING * * *
Read which item? (? for menu, Esc to quit)
As you read the scroll of teleportation, it crumbles to dust.
You feel strangely unstable. The worker ant bites you.
* * * LOW HITPOINT WARNING * * *
Unknown command.
Your surroundings seem slightly different.
There is a stone staircase leading down here.
You climb downwards. 4 slaves, Sigmund and Pikel come into view.
Pikel shouts!
The slave shouts! x3; Sigmund shouts!
The slave shouts!
Sigmund casts a spell at you.
You are confused.
The slave barely misses you.
An ogre comes into view. It is wielding a giant club.
The ogre shouts!
Found a scroll labeled ERIYKA VENT and a blackened opal ring.
Found a stone staircase leading down.
There is a stone staircase leading up here.
You're too confused!
Unknown command.
Unknown command.
The slave hits you!
* * * LOW HITPOINT WARNING * * *
The ogre moves out of view.
You climb upwards.
There is a stone staircase leading down here.
You're too confused!
Unknown command.
Unknown command.
You're too confused to move!
The slave hits you.
You die...

#.#
####...##.#####.....####.
#.#######....#.##.# #....##
#. ....†.....####.#..#
##..#.# #) .....######
#.#.#####...#.# #.
.....#########.........#.#.#
#.
.....##.............###..#.#
#÷
#######.#######...#####.##.#
###. ###.# #p.## #..##.#
#... #...# ###.@#
##.###.###.#. #.###
#..a#####..........(. #.#
###.#.##....#.....##.## #.#
###...##...####.....#..# #.#
#...####<### #.....#.##
###.###.### #§# #.....#.#
#...#...# ###.# #.....#.#
#.....### #.a.# #.....#)###
#...### ##>### ##...)...#..


You could see a slave and a worker ant.

Vanquished Creatures
  5 adders
  2 worms (D:2)
  2 dart slugs
  4 giant geckos
  An orc (D:3)
  3 ball pythons
  7 giant cockroaches
  A hobgoblin (D:2)
  2 jackals (D:1)
  5 bats
  8 goblins
  7 kobolds
  9 rats
56 creatures vanquished.

Vanquished Creatures (others)
  2 hobgoblins (D:1)
  A bat (D:1)
3 creatures vanquished.

Grand Total: 59 creatures vanquished

Notes
Turn   | Place    | Note
--------------------------------------------------------------
     0 | D:1      | Implojin the Mummy Monk began the quest for the Orb.
     0 | D:1      | Reached XP level 1. HP: 18/18 MP: 1/1
  1124 | D:2      | Reached XP level 2. HP: 16/24 MP: 2/2
  2331 | D:2      | Reached skill level 4 in Unarmed Combat
  2558 | D:2      | Reached XP level 3. HP: 11/29 MP: 3/3
  3508 | D:2      | Found an oddly glowing altar of Pakellas.
  3971 | D:2      | Reached XP level 4. HP: 35/35 MP: 4/4
  5095 | D:3      | Reached skill level 5 in Unarmed Combat
  5468 | D:4      | Noticed Pikel
  5468 | D:4      | Noticed a slave
  5468 | D:4      | Noticed a slave
  5468 | D:4      | Noticed a slave
  5468 | D:4      | Noticed a slave
  5468 | D:4      | Noticed Sigmund
  5468 | D:4      | Noticed an ogre
  5469 | D:4      | HP: 1/35 [slave[Pikel] (10)]
  5471 | D:3      | Slain by a slave

Skill      XL: |  1  2  3  4 |
---------------+-------------+-----
Unarmed Combat | 4 5 |  5.0
Fighting       | |  3.0
Dodging        | |  2.4
Stealth        | |  1.5

Action                   |  1- 3 |  4- 6 || total
-------------------------+-------+-------++-------
Melee: Unarmed           |   207 |    82 ||   289
       Punch             |     4 |     3 ||     7
  Use: Scroll            |     2 |     1 ||     3
 Stab: Sleeping          |     2 |     1 ||     3
Dodge: Dodged            |   140 |    54 ||   194

Table legend:
 A = Turns spent in this place as a percentage of turns spent in the entire game.
 B = Non-inter-level travel turns spent in this place as a percentage of non-inter-level travel turns spent in the entire game.
 C = Inter-level travel turns spent in this place as a percentage of turns spent in this place.
 D = Turns resting spent in this place as a percentage of non-inter-level travel turns spent in this place.
 E = Turns spent auto-exploring this place as a percentage of non-inter-level travel turns spent in this place.
 F = Non-inter-level travel turns spent in this place divided by the number of levels of this place that you've seen.
                   A       B       C       D       E      F
               +-------+-------+-------+-------+-------+----------------------
         Total | 100.0 | 100.0 |   0.2 |   4.3 |   4.4 | 339.0
       Dungeon | 100.0 | 100.0 |   0.2 |   4.3 |   4.4 | 339.0
               +-------+-------+-------+-------+-------+----------------------

Table legend:
 A = Kills in this place as a percentage of kills in entire the game.
 B = Kills by you in this place as a percentage of kills by you in the entire game.
 C = Kills by friends in this place as a percentage of kills by friends in the entire game.
 D = Other kills in this place as a percentage of other kills in the entire game.
 E = Experience gained in this place as a percentage of experience gained in the entire game.
 F = Experience gained in this place divided by the number of levels of this place that you have seen.
                   A       B       C       D       E      F
               +-------+-------+-------+-------+-------+----------------------
         Total | 100.0 | 100.0 |  -nan |  -nan | 100.0 |  41.2
       Dungeon | 100.0 | 100.0 |  -nan |  -nan | 100.0 |  41.2
               +-------+-------+-------+-------+-------+----------------------
